 Dungeon Crawl Stone Soup version 0.31-a0-664-g902f515a81 (webtiles) character file.

Game seed: 10567820654773609917

72351 AtlasWard the Bludgeoner (level 14, 0/169 HPs)
             Began as an Ogre Gladiator on Aug 30, 2023.
             Was the Champion of Jiyva.
             Slain by a meliai
             ... wielding a +0 heavy war axe
              (11 damage)
             ... on level 13 of the Dungeon on Sept 2, 2023.
             The game lasted 00:58:21 (17777 turns).

AtlasWard the Bludgeoner (Ogre Gladiator)          Turns: 17777, Time: 00:58:22

Health: 0/169      AC: 11    Str: 23    XL:     14   Next: 94%
Magic:  0/15       EV: 13    Int:  7    God:    Jiyva [******]
Gold:   830        SH: 10    Dex: 18    Spells: 13/13 levels left

rFire   + . .        l - +1 demon whip (drain)
rCold   + + +        F - +2 kite shield {rC+}
rNeg    . . .        I - +0 steam dragon scales
rPois   +            c - +1 hat
rElec   .            (no cloak)
rCorr   +            (gloves unavailable)
SInv    .            (boots unavailable)
Will    ++...        G - amulet of the Catfish {Spirit Will+}
Stlth   +++          y - ring of poison resistance
HPRegen 2.08/turn    O - ring of protection from fire
MPRegen 0.64/turn

%: guardian spirit
@: studying Summonings
A: large, unfitting armour, tough skin 1, fangs 1, iridescent scales 1, agile 2,
cold resistance 2, high MP 1, gelatinous body 2, translucent skin 1, tendrils
}: 1/15 runes: slimy
a: Renounce Religion, Oozemancy, Slimify


You were on level 13 of the Dungeon.
You worshipped Jiyva.
Jiyva was exalted by your worship.
You visited 3 branches of the dungeon, and saw 24 of its levels.
You also visited: Ossuary.

You collected 830 gold pieces.

Inventory:

Hand Weapons
 b - a +1 giant spiked club
 l - a +1 demon whip of draining (weapon)
Missiles
 d - 3 throwing nets
 e - 8 large rocks (quivered)
 p - 31 poisoned darts
Armour
 c - a +1 hat (worn)
 n - the +1 robe of Rutum {rN+}
   (You found it on level 5 of the Pits of Slime)

   rN+:       It protects you from negative energy.
 o - +0 acid dragon scales
 F - a +2 kite shield of cold resistance (worn)
 I - +0 steam dragon scales (worn)
Jewellery
 j - the ring "Ceoregre" {Fly rCorr}
   (You found it on level 5 of the Pits of Slime)

   [ring of resist corrosion]

   Fly:       It grants you flight.
   rCorr:     It protects you from acid and corrosion.
 y - a ring of poison resistance (left hand)
 G - the amulet of the Catfish (around neck) {Spirit Will+}
   (You found it on level 9 of the Dungeon)

   [amulet of guardian spirit]

   Spirit:    It causes incoming damage to be divided between your reserves of
   health and magic.
   Will+:     It increases your willpower.
 N - a +4 ring of protection
 O - a ring of protection from fire (right hand)
Wands
 a - a wand of quicksilver (6)
 s - a wand of roots (13)
 B - a wand of flame (17)
Scrolls
 f - a scroll of torment
 h - a scroll of fear
 i - 2 scrolls of immolation
 r - 8 scrolls of teleportation
 x - a scroll of enchant weapon
 z - a scroll of poison
 D - a scroll of identify
 J - 2 scrolls of fog
 P - 2 scrolls of enchant armour
Potions
 g - a potion of cancellation
 k - 4 potions of mutation
 q - 2 potions of ambrosia {unknown}
 t - a potion of haste {unknown}
 w - 7 potions of curing {unknown}
 A - 2 potions of resistance {unknown}
 C - 3 potions of degeneration {unknown}
 E - 5 potions of attraction
 H - a potion of magic {unknown}
 M - a potion of might {unknown}


   Skills:
 + Level 18.0 Fighting
 * Level 19.2 Maces & Flails
 - Level 2.0 Throwing
 - Level 6.0 Dodging
 + Level 0.4 Shields


You had 13 spell levels left.
You didn't know any spells.
Your spell library contained the following spells:

 Spells                   Type           Power      Damage    Failure   Level
 Freeze                   Ice            0%         1d3       75%         1
 Cigotuvi's Dreadful Rot  Necr/Pois/Air  0%         N/A       86%         2
 Wereblood                Tmut           0%         N/A       86%         2
 Call Canine Familiar     Summ           0%         N/A       98%         3
 Frozen Ramparts          Ice            0%         1d1       98%         3
 Portal Projectile        Hex/Tloc       0%         N/A       98%         3
 Animate Dead             Necr           0%         N/A       100%        4
 Leda's Liquefaction      Hex/Erth       0%         N/A       100%        4
 Petrify                  Tmut/Erth      0%         N/A       100%        4
 Sticky Flame             Conj/Fire      0%         2d3       100%        4
 Irradiate                Conj/Tmut      0%         3d11      100%        5
 Metabolic Englaciation   Hex/Ice        0%         N/A       100%        5
 Plasma Beam              Fire/Air       0%         2x1d10    100%        6
 Simulacrum               Ice/Necr       0%         N/A       100%        6
 Lehudib's Crystal Spear  Conj/Erth      0%         10d2      100%        8


Dungeon Overview and Level Annotations

Branches:
Dungeon (14/15)            Temple (0/1) D:6            Lair (5/5) D:8
  Swamp (0/4) Lair:2        Snake (0/4) Lair:3        Slime (5/5) Lair:5
    Orc (0/2) D:11        Ossuary (visited)
 Vaults: D:13-14

Altars:
Dithmenos
Elyvilon
Fedhas
Gozag
Kikubaaqudgha
Nemelex Xobeh
Ru
Trog
Xom
The Shining One
Jiyva

Shops:
D:1 =   D:4 (

Portals:
Abyss: Lair:2

Annotations:
Lair:2 2 transporters, Ekaitz's ghost, journeyman DsIE
Slime:2 Dissolution
Slime:5 Royal Jelly


Innate Abilities, Weirdness & Mutations

You are too large for most types of armour.
You have tough skin. (AC +1)
You have very sharp teeth.
You are partially covered in iridescent scales. (AC +2)
You are very agile. (Dex +8, Str/Int -2)
Your flesh is very cold resistant. (rC++)
You have an increased reservoir of magic. (+10% MP)
Your pliable body absorbs attacks. (AC +2, EV +2)
Your translucent skin slightly reduces your foes' accuracy. (Stealth+)
You are covered in slimy tendrils that may disarm your opponents.


Message History

The meliai is severely wounded.
The meliai hits you but does no damage. The meliai misses you.
The meliai closely misses you. You block the meliai's attack.
The meliai hits you but does no damage. You block the meliai's attack.
The jelly misses the meliai.
Unknown command.
Unknown command.
Unknown command.
You closely miss the meliai.
The meliai is severely wounded.
The meliai barely misses you. You block the meliai's attack.
The meliai mumbles some strange prayers to its god against you.
Something smites you!
* * * LOW HITPOINT WARNING * * *
The meliai closely misses you. The meliai stings you.
* * * LOW HITPOINT WARNING * * *
The meliai misses you. You block the meliai's attack.
Unknown command.
Unknown command.
Unknown command.
You feel much better. The meliai closely misses you.
The meliai barely misses you. The meliai hits you.
* * * LOW HITPOINT WARNING * * *
The meliai stings you but does no damage.
The meliai hits you with a +0 heavy war axe!
* * * LOW HITPOINT WARNING * * *
The meliai stings you.
* * * LOW HITPOINT WARNING * * *
The meliai hits you but does no damage. You block the meliai's attack.
The meliai hits you.
* * * LOW HITPOINT WARNING * * *
The meliai stings you but does no damage.
You block the meliai's attack. The meliai stings you.
* * * LOW HITPOINT WARNING * * *
The meliai mumbles some strange prayers to its god against you.
Something smites you!
* * * LOW HITPOINT WARNING * * *
The jelly barely misses the meliai.
The meliai hits you with a +0 heavy war axe!
You die...

........# ##.# #... #####'###
#..# ##'# ......# ######'#######
#..# '####### ###............#
###'##
.......###.'............####.....
.......##..#............##.'.....
.......##.##............##.#.....
..........##...yyJ......'..#.....
..>....#####....@y......####.....
.......# #....y.......# ######
>......# #............# #.
###.#### ###########.## #. ....#
#........# #. #########
####'######## ###. ........#
#..........# #...
........####..........# ##'##
........#..'..........# #....


You could see 4 meliai and a neutral jelly (wandering) (fellow slime).

Vanquished Creatures
  4 dire elephants (Lair:5)
  Josephine (Lair:3)
  Erolcha (D:12)
  A rakshasa (D:12)
  A boulder beetle (Lair:1)
  A centaur warrior (D:13)
  5 death yaks (Lair:5)
  3 two-headed ogres
  3 tengu warriors
  Sonja (D:12)
  A spectral anaconda (Lair:5)
  An obsidian statue (Lair:5)
  3 necromancers (Lair:5)
  4 deep elf pyromancers (D:13)
  2 oklob plants (Lair:4)
  An ugly thing (D:12)
  13 elephants
  A cyclops (D:12)
  7 centaur zombies (D:11)
  A dire elephant zombie (Lair:5)
  A gargoyle (D:12)
  2 black mambas
  19 cane toads
  3 rime drakes
  An unseen horror (D:13)
  2 dire elephant skeletons (Lair:5)
  7 komodo dragons
  A tengu conjurer (D:13)
  5 polar bears
  A polar bear (shapeshifter) (D:13)
  3 tyrant leeches (Lair:2)
  3 trolls
  20 blink frogs
  Grinder (D:4)
  4 dream sheep
  A meliai zombie (D:11)
  2 spectral elephants (Lair:5)
  3 vampires
  5 shadows (D:11)
  8 wraiths
  36 yaks
  2 steam dragons
  6 basilisks
  A death yak simulacrum (Lair:5)
  2 vampire mosquitoes (D:12)
  3 nagas (Lair:3)
  A spectral cane toad (Lair:5)
  An acid dragon (D:12)
  9 water moccasins
  3 ice beasts (D:5)
  4 orc warriors
  3 black bears
  2 elephant zombies (Lair:5)
  2 sky beasts (D:7)
  An elephant skeleton (Lair:5)
  7 wolves
  12 centaurs
  2 phantoms
  4 kobold brigands (D:9)
  9 bullfrogs
  A cane toad simulacrum (Lair:5)
  9 water moccasin zombies (Ossuary)
  7 wights
  An elephant simulacrum (Lair:5)
  10 killer bees
  2 troll zombies (D:11)
  An electric eel (D:7)
  A howler monkey (D:5)
  5 orc priests
  2 hounds (D:5)
  A sleepcap (D:5)
  Ijyb (D:3)
  3 iguanas
  5 orc wizards
  7 hell rats
  6 ogre zombies (D:11)
  2 mummies (Ossuary)
  A howler monkey zombie (D:11)
  4 gnolls (D:8)
  3 adders
  A shadow imp (D:5)
  3 white imps
  An ufetubus (D:6)
  3 adder zombies (Ossuary)
  A worm (D:4)
  2 dart slugs
  32 orcs
  A bat (D:2)
  9 giant cockroaches
  3 gnoll zombies (Ossuary)
  7 goblins
  5 hobgoblins
  2 jackals (D:1)
  25 kobolds
  6 ball pythons
  2 frilled lizards
  A goblin skeleton (D:11)
  A goblin zombie (D:11)
  2 hobgoblin skeletons (D:11)
  7 hobgoblin zombies
  4 kobold zombies (Ossuary)
  3 orc skeletons (D:11)
  20 orc zombies
  3 rats
  A butterfly (Lair:5)
474 creatures vanquished.

Vanquished Creatures (collateral kills)
  3 dream sheep (Lair:4)
3 creatures vanquished.

Vanquished Creatures (others)
  An azure jelly (Lair:5)
  A slime creature (Lair:5)
  2 wraiths (D:11)
  2 centaurs
  54 jellies
  A hound (D:5)
  An orc priest (D:11)
  2 iguanas
  2 orc wizards
  2 adders
  2 ufetubi
  An adder zombie (Ossuary)
  2 endoplasms
  3 orcs
  A goblin (D:1)
  A bat (D:2)
  2 gnoll zombies (Ossuary)
  A goblin zombie (D:11)
  3 kobolds
  A kobold zombie (Ossuary)
  An orc zombie (D:11)
86 creatures vanquished.

Grand Total: 563 creatures vanquished

Notes
Turn   | Place    | Note
-------+----------+-------------------------------------------
     0 | D:1      | AtlasWard the Ogre Gladiator began the quest for the Orb.
     0 | D:1      | Reached XP level 1. HP: 22/22 MP: 1/1
   112 | D:1      | HP: 1/22 [hobgoblin (3)]
   119 | D:1      | Reached XP level 2. HP: 3/29 MP: 0/2
   256 | D:1      | Reached skill level 3 in Maces & Flails
   290 | D:1      | You fall into a shaft and drop 1 floor!
   303 | D:1      | Found a faded altar of an unknown god.
   319 | D:1      | Prayed at the altar of an unknown god.
   319 | D:1      | Became a worshipper of Jiyva Jellin the Shapeless
   319 | D:1      | Reached * piety under Jiyva
   412 | D:1      | Found Xykkimo's Jewellery Emporium.
   742 | D:2      | Reached ** piety under Jiyva
   832 | D:2      | Reached XP level 3. HP: 37/37 MP: 3/3
  1082 | D:2      | Reached *** piety under Jiyva
  1545 | D:3      | Identified the +3 sling of Coinene {flame, *Slow rPois
                  | rCorr Dex+8}
  1756 | D:3      | Noticed Ijyb
  1775 | D:3      | Killed Ijyb
  1776 | D:3      | Reached XP level 4. HP: 48/48 MP: 4/4
  1868 | D:3      | Found a white marble altar of Elyvilon.
  2189 | D:4      | Reached skill level 4 in Maces & Flails
  2207 | D:4      | Found a bloodstained altar of Trog.
  2221 | D:4      | Noticed Grinder
  2350 | D:4      | Reached XP level 5. HP: 54/54 MP: 5/5
  2371 | D:4      | Reached **** piety under Jiyva
  2472 | D:4      | Killed Grinder
  2473 | D:4      | Reached XP level 6. HP: 65/65 MP: 6/6
  2556 | D:4      | Reached skill level 5 in Fighting
  2790 | D:4      | Found Feihiro's Antique Weapon Emporium.
  2930 | D:5      | Entered Level 5 of the Dungeon
  2930 | D:5      | Gained mutation: You are partially covered in iridescent
                  | scales. (AC +2) [Jiyva's grace]
  2930 | D:5      | Gained mutation: You are mostly covered in iridescent
                  | scales. (AC +4) [Jiyva's grace]
  2930 | D:5      | Gained mutation: You are completely covered in iridescent
                  | scales. (AC +6) [Jiyva's grace]
  2930 | D:5      | Gained mutation: You are somewhat resistant to further
                  | mutation. [Jiyva's grace]
  2946 | D:5      | Reached skill level 5 in Maces & Flails
  3118 | D:5      | Noticed an ice beast
  3129 | D:5      | Reached XP level 7. HP: 72/72 MP: 4/7
  3316 | D:5      | Reached skill level 6 in Maces & Flails
  3406 | D:5      | Found a sacrificial altar of Ru.
  3549 | D:5      | Reached XP level 8. HP: 78/84 MP: 8/8
  3651 | D:5      | Found a sparkling altar of Nemelex Xobeh.
  3652 | D:5      | Found an opulent altar of Gozag.
  3857 | D:6      | Found a staircase to the Ecumenical Temple.
  3870 | D:5      | Reached skill level 7 in Maces & Flails
  4065 | D:6      | Reached skill level 8 in Maces & Flails
  4308 | D:6      | Found a shimmering altar of Xom.
  4308 | D:6      | Found a shadowy altar of Dithmenos.
  4553 | D:7      | Found an ancient bone altar of Kikubaaqudgha.
  4554 | D:7      | Found a glowing golden altar of the Shining One.
  4573 | D:7      | Reached XP level 9. HP: 90/97 MP: 9/9
  5209 | D:7      | Reached skill level 9 in Maces & Flails
  5231 | D:7      | Reached ***** piety under Jiyva
  5561 | D:8      | Found a sand-covered staircase.
  5571 | Ossuary  | Entered an ossuary
  5841 | D:8      | Noticed a komodo dragon
  5858 | D:8      | Killed a komodo dragon
  5859 | D:8      | Reached skill level 10 in Fighting
  5859 | D:8      | Reached skill level 10 in Maces & Flails
  5873 | D:8      | Found a staircase to the Lair.
  5912 | D:8      | Identified the +2 robe of Cyofearph {rPois rF- Dex+2 SInv}
  6104 | D:8      | Reached XP level 10. HP: 102/111 MP: 10/10
  6216 | D:8      | Lost mutation: You are somewhat resistant to further
                  | mutation. [Jiyva's grace]
  6216 | D:8      | Gained mutation: You have supernaturally acute eyesight.
                  | (SInv) [Jiyva's grace]
  6216 | D:8      | Gained mutation: You have a small jelly attached to you
                  | that senses nearby items. [Jiyva's grace]
  6216 | D:8      | Gained mutation: Your melee attacks may engulf your foes in
                  | ooze. [Jiyva's grace]
  6216 | D:8      | Gained mutation: You have very sharp teeth. [Jiyva's grace]
  6262 | D:8      | Identified the +1 great mace "Ciynomn" {flame, Dex+4}
  6485 | D:9      | Identified the amulet of the Catfish {Spirit Will+}
  6779 | D:9      | Reached skill level 11 in Maces & Flails
  6895 | D:9      | Noticed a two-headed ogre
  6909 | D:9      | Killed a two-headed ogre
  7181 | D:10     | Entered Level 10 of the Dungeon
  7417 | D:10     | Noticed a two-headed ogre
  7435 | D:10     | Killed a two-headed ogre
  7500 | D:10     | Noticed a two-headed ogre
  7502 | D:10     | Slimified a two-headed ogre
  7502 | D:10     | a two-headed ogre changed into a slime creature
  7614 | D:10     | Reached skill level 12 in Maces & Flails
  7627 | D:10     | Reached XP level 11. HP: 114/124 MP: 11/11
  8344 | Lair:1   | Entered Level 1 of the Lair of Beasts
  8556 | Lair:1   | Reached skill level 13 in Maces & Flails
  8788 | Lair:1   | Lost mutation: You have supernaturally acute eyesight.
                  | (SInv) [Jiyva's grace]
  8788 | Lair:1   | Lost mutation: You have a small jelly attached to you that
                  | senses nearby items. [Jiyva's grace]
  8788 | Lair:1   | Gained mutation: Your translucent skin slightly reduces
                  | your foes' accuracy. (Stealth+) [Jiyva's grace]
  8788 | Lair:1   | Gained mutation: Your translucent skin reduces your foes'
                  | accuracy. (Stealth+) [Jiyva's grace]
  8788 | Lair:1   | Gained mutation: Your transparent skin significantly
                  | reduces your foes' accuracy. (Stealth+) [Jiyva's grace]
  8788 | Lair:1   | Gained mutation: You have a small jelly attached to you
                  | that senses nearby items. [Jiyva's grace]
  8860 | Lair:1   | Noticed a boulder beetle
  9024 | Lair:1   | Killed a boulder beetle
  9594 | Lair:2   | Reached skill level 14 in Maces & Flails
  9620 | Lair:2   | Found a staircase to the Swamp.
  9638 | Lair:2   | Reached XP level 12. HP: 89/139 MP: 10/12
  9798 | Lair:2   | Found a transporter.
  9803 | Lair:2   | Found a transporter.
  9852 | Lair:2   | Found a one-way gate to the infinite horrors of the Abyss.
  9852 | Lair:2   | Noticed Ekaitz's ghost (journeyman DsIE)
 10445 | Lair:3   | Reached ****** piety under Jiyva
 10692 | Lair:3   | Reached skill level 15 in Fighting
 10816 | Lair:3   | Reached skill level 15 in Maces & Flails
 10832 | Lair:3   | Reached skill level 5 in Dodging
 10833 | Lair:3   | Found a staircase to the Snake Pit.
 10833 | Lair:3   | Lost mutation: Your transparent skin significantly reduces
                  | your foes' accuracy. (Stealth+) [Jiyva's grace]
 10833 | Lair:3   | Lost mutation: Your melee attacks may engulf your foes in
                  | ooze. [Jiyva's grace]
 10833 | Lair:3   | Gained mutation: You have a small jelly attached to you
                  | that may absorb projectiles. [Jiyva's grace]
 10833 | Lair:3   | Gained mutation: Your rubbery body absorbs attacks. (AC +1,
                  | EV +1) [Jiyva's grace]
 10833 | Lair:3   | Gained mutation: Your pliable body absorbs attacks. (AC +2,
                  | EV +2) [Jiyva's grace]
 10833 | Lair:3   | Gained mutation: Your gelatinous body deflects attacks. (AC
                  | +3, EV +3) [Jiyva's grace]
 11291 | Lair:3   | Noticed Josephine
 11321 | Lair:3   | Killed Josephine
 11505 | Lair:4   | Reached XP level 13. HP: 134/137 MP: 13/13
 12047 | Lair:4   | Reached skill level 16 in Maces & Flails
 12261 | Lair:4   | Found a blossoming altar of Fedhas.
 12438 | Lair:5   | Entered Level 5 of the Lair of Beasts
 12539 | Lair:5   | Lost mutation: You have a small jelly attached to you that
                  | senses nearby items. [Jiyva's grace]
 12539 | Lair:5   | Lost mutation: You have a small jelly attached to you that
                  | may absorb projectiles. [Jiyva's grace]
 12539 | Lair:5   | Gained mutation: You are covered in slimy tendrils that may
                  | disarm your opponents. [Jiyva's grace]
 12539 | Lair:5   | Gained mutation: You have an increased reservoir of magic.
                  | (+10% MP) [Jiyva's grace]
 12539 | Lair:5   | Gained mutation: You have a considerably increased
                  | reservoir of magic. (+20% MP) [Jiyva's grace]
 12539 | Lair:5   | Gained mutation: You have a greatly increased reservoir of
                  | magic. (+30% MP) [Jiyva's grace]
 12985 | Lair:5   | Noticed a dire elephant
 12985 | Lair:5   | Noticed a dire elephant
 12985 | Lair:5   | Noticed a dire elephant
 12987 | Lair:5   | Noticed a dire elephant
 13136 | Lair:5   | Reached skill level 17 in Maces & Flails
 13259 | Lair:5   | Noticed a dire elephant
 13284 | Lair:5   | Killed a dire elephant
 13341 | Lair:5   | Reached XP level 14. HP: 166/166 MP: 18/18
 13446 | Lair:5   | Killed a dire elephant
 13448 | Lair:5   | Killed a dire elephant
 13462 | Lair:5   | Slimified a dire elephant
 13462 | Lair:5   | a dire elephant changed into an azure jelly
 13462 | Lair:5   | Noticed an azure jelly
 13462 | Lair:5   | Killed an azure jelly
 13468 | Lair:5   | Killed a dire elephant
 13795 | Lair:5   | Found a viscous altar of Jiyva.
 13796 | Lair:5   | Found a staircase to the Slime Pits.
 13803 | Slime:1  | Entered Level 1 of the Pits of Slime
 13803 | Slime:1  | Noticed a rockslime
 13940 | Slime:1  | Noticed an azure jelly
 14152 | Slime:3  | Noticed a formless jellyfish
 14157 | Slime:3  | Noticed an acid blob
 14157 | Slime:3  | Noticed a formless jellyfish
 14163 | Slime:3  | Noticed a formless jellyfish
 14394 | Slime:2  | Noticed an acid blob
 14394 | Slime:2  | Noticed an acid blob
 14399 | Slime:2  | Noticed Dissolution
 14400 | Slime:2  | Noticed a formless jellyfish
 14401 | Slime:2  | Noticed a formless jellyfish
 14402 | Slime:2  | Noticed a formless jellyfish
 14404 | Slime:2  | Noticed an acid blob
 14480 | Slime:2  | Noticed a quicksilver ooze
 14588 | Slime:1  | Noticed an acid blob
 14590 | Slime:1  | Noticed a rockslime
 14700 | Slime:4  | Noticed a rockslime
 14708 | Slime:4  | Noticed an azure jelly
 14737 | Slime:4  | Noticed a formless jellyfish
 14745 | Slime:4  | Noticed a formless jellyfish
 14746 | Slime:4  | Noticed an acid blob
 14748 | Slime:4  | Noticed a formless jellyfish
 14750 | Slime:4  | Noticed an acid blob
 14767 | Slime:4  | Noticed an acid blob
 14777 | Slime:4  | Noticed an azure jelly
 14914 | Slime:4  | Noticed an acid blob
 14929 | Slime:4  | Noticed a rockslime
 14974 | Slime:5  | Entered Level 5 of the Pits of Slime
 14979 | Slime:5  | Noticed a rockslime
 14987 | Slime:5  | Noticed an azure jelly
 14988 | Slime:5  | Found a viscous altar of Jiyva.
 14989 | Slime:5  | Noticed a formless jellyfish
 14990 | Slime:5  | Noticed an acid blob
 14990 | Slime:5  | Noticed an azure jelly
 14990 | Slime:5  | Noticed an azure jelly
 14991 | Slime:5  | Noticed an acid blob
 14991 | Slime:5  | Noticed an acid blob
 14992 | Slime:5  | Noticed an acid blob
 14994 | Slime:5  | Identified the ring "Ceoregre" {Fly rCorr}
 14997 | Slime:5  | Got a slimy rune of Zot
 14998 | Slime:5  | Noticed an acid blob
 14998 | Slime:5  | Noticed a formless jellyfish
 15000 | Slime:5  | Noticed a formless jellyfish
 15001 | Slime:5  | Noticed the Royal Jelly
 15002 | Slime:5  | Noticed an acid blob
 15006 | Slime:5  | Identified the +1 robe of Rutum {rN+}
 15008 | Slime:5  | Identified the staff "Giceenk" {rElec rPois Air}
 15021 | Slime:5  | Got the Essays on Mortuary Cinders
 15032 | Slime:5  | Identified the +5 ring mail "Zinkour" {Harm +Blink Str+2}
 15035 | Slime:5  | Got the Catalogue of Amathomancy and Graupel
 15825 | D:11     | Reached skill level 18 in Maces & Flails
 16000 | D:11     | Found a staircase to the Orcish Mines.
 16386 | D:12     | Upgraded the game from 0.31-a0-656-gb4d89c20fa to
                  | 0.31-a0-664-g902f515a81
 16486 | D:12     | Lost mutation: You are completely covered in iridescent
                  | scales. (AC +6) [Jiyva's grace]
 16486 | D:12     | Lost mutation: You are mostly covered in iridescent scales.
                  | (AC +4) [Jiyva's grace]
 16486 | D:12     | Lost mutation: You have a greatly increased reservoir of
                  | magic. (+30% MP) [Jiyva's grace]
 16486 | D:12     | Lost mutation: You have a considerably increased reservoir
                  | of magic. (+20% MP) [Jiyva's grace]
 16486 | D:12     | Lost mutation: Your gelatinous body deflects attacks. (AC
                  | +3, EV +3) [Jiyva's grace]
 16486 | D:12     | Lost mutation: Your translucent skin reduces your foes'
                  | accuracy. (Stealth+) [Jiyva's grace]
 16486 | D:12     | Gained mutation: You are agile. (Dex +4, Str/Int -1)
                  | [Jiyva's grace]
 16486 | D:12     | Gained mutation: You are very agile. (Dex +8, Str/Int -2)
                  | [Jiyva's grace]
 16486 | D:12     | Gained mutation: Your flesh is cold resistant. (rC+)
                  | [Jiyva's grace]
 16486 | D:12     | Gained mutation: Your flesh is very cold resistant. (rC++)
                  | [Jiyva's grace]
 16615 | D:12     | Noticed Sonja
 16618 | D:12     | Killed Sonja
 17035 | D:12     | Noticed Erolcha
 17045 | D:12     | Killed Erolcha
 17217 | D:13     | Reached skill level 19 in Maces & Flails
 17322 | D:13     | Identified the +0 robe of Boonam {Str-3 Int+4 Dex+3 Stlth+}
 17777 | D:13     | Slain by a meliai

Illustrated notes

Levels and vault maps discovered:
D:1:      nzn_arrival_depleted_hourglass, layout_basic, serial_shops, shop,
          hellmonk_ecumenical_altar_run_dry
D:2:      layout_basic, serial_rivers, chequers_serial_rivers_small_3,
          chequers_serial_rivers_micro_b, chequers_serial_rivers_small_3,
          chequers_serial_rivers_micro_b, chequers_serial_rivers_micro_a
D:3:      layout_basic, lemuel_doored_altar, chequers_serial_rivers_large_b,
          uniq_ijyb
D:4:      layout_basic, mainiacjoe_overflow_small_starburst, serial_shops, shop,
          minmay_ruptured, uniq_grinder
D:5:      layout_loops_ring, grunt_temple_overflow_opulence,
          nicolae_ru_path_of_blood, minmay_manual_mullet
D:6:      layout_rooms, mainiacjoe_overflow_divided_tiny,
          minmay_temple_entry_stoned_glass, solitary_fountain
D:7:      layout_layer_cave, nicolae_overflow_squiral
D:8:      layout_loops_ring, david_lair_shrubbed, serial_glass, glass_columns_a,
          glass_columns_c, glass_columns_a, enter_ossuary_5
D:9:      layout_loops_ring
D:10:     layout_stronghold, kennysheep_generic_room_15
D:11:     layout_big_octagon, zombieorc2_lemuel, serial_undead, serial_undead_e,
          serial_undead_f, serial_undead_a, serial_undead_d, serial_undead_c,
          serial_undead_f, serial_undead_b
D:12:     layout_basic, uniq_erolcha, uniq_sonja
D:13:     layout_roguey
D:14:     layout_cave_pods, grunt_vaults_entry_tiered,
          nicolae_cairo_tiling_large_dashed, uniq_azrael
Lair:1:   layout_cave_pods
Lair:2:   layout_long_grid, minmay_swamp_entry_worms,
          gammafunk_ghost_abyssal_escape
Lair:3:   layout_cave_pods, nicolae_snake_entry_squirm, uniq_josephine
Lair:4:   layout_regular_city, hangedman_tree_tricks
Lair:5:   due_jungle_book, layout_gridlike, dpeg_slime_entry_enclosed,
          lemuel_fruit_fields, grunt_megastairs_2
Slime:1:  layout_caves
Slime:2:  layout_caves, uniq_dissolution
Slime:3:  layout_caves
Slime:4:  layout_caves
Slime:5:  slime_pit

Skill      XL: |  1  2  3  4  5  6  7  8  9 10 11 12 13 14 |
---------------+-------------------------------------------+-----
Fighting       | 3 4 5 6 8 10 12 14 15 17 18 | 18.0
Maces & Flails | 3 4 5 6 8 10 12 14 15 17 19 | 19.2
Dodging        | 3 4 5 6 |  6.0
Throwing       | |  2.0
Shields        | |  0.4

Action                     |  1- 3 |  4- 6 |  7- 9 | 10-12 | 13-15 || total
---------------------------+-------+-------+-------+-------+-------++-------
  Melee: Flail             |    63 |   104 |   348 |   737 |   608 ||  1860
         Quarterstaff      |    21 |    27 |       |       |       ||    48
         Punch             |       |     2 |     6 |    13 |       ||    21
         Bite              |       |       |       |    86 |   181 ||   267
         Demon whip        |       |       |       |       |   386 ||   386
  Throw: Dart              |       |     3 |       |       |       ||     3
         Large rock        |       |       |       |       |     1 ||     1
 Invoke: Oozemancy         |       |     2 |     1 |     4 |     1 ||     8
         Slimify           |       |     1 |       |     1 |     2 ||     4
  Evoke: Wand              |       |       |       |       |     1 ||     1
    Use: Potion            |       |       |     2 |       |     3 ||     5
         Scroll            |       |       |     8 |     7 |     3 ||    18
   Stab: Sleeping          |     1 |       |       |     1 |     4 ||     6
         Distracted        |       |     1 |       |       |     2 ||     3
 Armour: Robe              |    19 |    55 |   133 |   139 |   313 ||   659
         Skin              |     7 |       |       |     1 |       ||     8
         Steam dragon scal |       |       |       |    27 |   139 ||   166
  Dodge: Dodged            |    47 |    90 |   208 |   625 |   735 ||  1705
  Block: Kite shield       |       |       |       |     3 |   338 ||   341

Table legend: (Time is in decaauts)
 A = Elapsed time spent in this place.
 B = Non-inter-level travel time spent in this place.
 C = Inter-level travel time spent in this place.
 D = Time resting spent in this place.
 E = Time spent auto-exploring this place.
 F = Levels seen in this place.
 G = Mean time per level.
                   A        B        C        D        E       F      G
               +--------+--------+--------+--------+--------+-----+--------+
         Total |  17439 |  15934 |   1505 |    138 |  11724 |  25 |  697.6 |
       Dungeon |  10247 |   9429 |    818 |     74 |   7177 |  14 |  731.9 |
          Lair |   5697 |   5235 |    462 |     64 |   3502 |   5 | 1139.4 |
    Slime Pits |   1303 |   1079 |    224 |      0 |    981 |   5 |  260.6 |
       Ossuary |    191 |    191 |      0 |      0 |     64 |   1 |  191.0 |
               +--------+--------+--------+--------+--------+-----+--------+

Top non-repeatable levels by time:
  Lair:5: 1524 daAuts
  Lair:4: 1130 daAuts
    D:10: 1126 daAuts
  Lair:3: 1107 daAuts
  Lair:1: 1097 daAuts
     D:7: 1033 daAuts
     D:5: 995 daAuts
     D:9: 863 daAuts
  Lair:2: 838 daAuts
     D:4: 832 daAuts
     D:2: 794 daAuts
     D:8: 774 daAuts
     D:1: 707 daAuts
    D:12: 684 daAuts
     D:3: 629 daAuts
